Cogmind - Beta 9.6 @@@ ROGUE MODE // 2020.04.17 @ 22:14:04 Player: CreepyD Result: Destroyed by S-27 Virus with Autogun Performance ------------- Evolutions (3) 1500 Regions Visited (7) 1400 Robots Destroyed (70) 350 Value Destroyed (1782) 1782 Prototype IDs (23) 460 Alien Tech Used (0) 0 Bonus (350) 350 TOTAL SCORE: 5842 Bonus ------- High Alert Combat Kills 50 Aligned with FarCom 300 Cogmind --------- Core Integrity 0/700 Matter 300/300 Energy 100/100 System Corruption 8% Temperature Cool (0) Movement Core (50) Location -7/Storage Parts ------- > --- POWER (2) -------- (None) > --- PROPULSION (3) --- (None) > --- UTILITY (5) ------ Core Analyzer > --- WEAPON (3) ------- (None) > --- INVENTORY (4) ---- Supersonic Drone Bay (1/1) PSU Rigger Guided Plasma Cannon Peak State ------------ > --- POWER ------------ Light Deuterium Engine Light Nuclear Core > --- PROPULSION ------- Improved Treads Advanced Treads > --- UTILITY ---------- Advanced Heat Sink Improved Terrain Scan Processor Transmission Jammer Light Armor Plating PSU Rigger > --- WEAPON ----------- Guided Plasma Cannon Gauss Cannon Gauss Cannon > --- INVENTORY -------- Light Ion Engine Improved Treads Supersonic Drone Bay [Rating: 48] Favorites ----------- Power Light Ion Engine Engine Light Ion Engine Power Core Light Nuclear Core Propulsion Light Treads Treads Light Treads Utility Terrain Scanner Device Terrain Scanner Storage Small Storage Unit Processor Terrain Scan Processor Protection Light Armor Plating Weapon EMP Blaster Energy Gun EM Shotgun Energy Cannon Guided Plasma Cannon Ballistic Gun Light Assault Rifle Ballistic Cannon Gauss Cannon Launcher EMP Blaster Build | -11 -10 -10 -10 -9 -8 -7 -7 ------- Run | Scr Mat Min Exi Min Mat Fac Sto Slots Evolved 6 | . . . . . 4 2 . Power 1 | . . . . . 1 . . Propulsion 1 | . . . . . . 1 . Utility 3 | . . . . . 2 1 . Weapon 1 | . . . . . 1 . . Parts Attached 51 | 6 5 . 1 1 22 5 11 Power 7 | 1 1 . . . 3 . 2 Engine 5 | 1 1 . . . 2 . 1 Core 2 | . . . . . 1 . 1 Reactor . | . . . . . . . . Propulsion 8 | 2 . . . . 4 1 1 Treads 8 | 2 . . . . 4 1 1 Leg . | . . . . . . . . Wheel . | . . . . . . . . Hover . | . . . . . . . . Flight . | . . . . . . . . Utility 21 | 1 2 . . . 7 4 7 Device 10 | . 1 . . . 5 2 2 Storage 1 | 1 . . . . . . . Processor 3 | . 1 . . . 1 1 . Hackware . | . . . . . . . . Protection 7 | . . . . . 1 1 5 Artifact . | . . . . . . . . Weapon 15 | 2 2 . 1 1 8 . 1 Energy Gun 3 | . . . . 1 1 . 1 Energy Cannon 2 | . . . 1 . 1 . . Ballistic Gun 3 | 2 . . . . 1 . . Ballistic Cannon 4 | . . . . . 4 . . Launcher 3 | . 2 . . . 1 . . Special Weapon . | . . . . . . . . Impact Weapon . | . . . . . . . . Slashing Weapon . | . . . . . . . . Piercing Weapon . | . . . . . . . . Special Melee Weapon . | . . . . . . . . Unidentified Prototypes 1 | . . . . . 1 . . Parts Lost 18 | . . . . . . . 18 Power 3 | . . . . . . . 3 Propulsion 3 | . . . . . . . 3 Utility 9 | . . . . . . . 9 Weapon 3 | . . . . . . . 3 Highest Loss Streak 11 | . . . . . . . 11 Average Slot Usage (%) 92 | . 92 100 100 100 89 92 79 Engine 12 | . 14 14 14 14 13 7 5 Core 1 | . . . . . . 7 5 Treads 22 | . 28 28 28 28 18 15 17 Device 15 | . 7 14 14 14 18 17 17 Processor 10 | . 7 14 14 14 9 12 7 Protection 2 | . . . . . 2 7 9 Energy Gun 2 | . . . . 11 4 . . Energy Cannon 7 | . . . 8 14 8 7 3 Ballistic Cannon 5 | . . . . . 9 15 11 Launcher 10 | . 25 28 19 2 4 . . Naked Turns . | . . . . . . . . Heaviest Build 41 | 10 16 12 18 18 39 41 41 Greatest Support 65 | 40 40 40 40 40 45 65 65 Greatest Overweight (x) 7 | . . . . . . . 7 Average Overweight (x) . | . . . . . . . . Largest Inventory Capacity 6 | 6 6 4 4 4 4 4 4 Average Capacity 4 | 5 4 4 4 4 4 4 4 Most Carried 4 | 4 3 2 4 4 4 4 4 Average Carried 3 | . 1 2 2 4 3 3 3 Final Capacity 6 | 6 4 4 4 4 4 4 4 Final Carried 4 | . 2 2 4 4 4 4 3 Class Distribution -------------------- 67% | Mutant 27% | Scavenger-Mutant Dominant Class ---------------- Mutant | -10/Materials Mutant | -10/Mines Mutant | -10/Exiles Mutant | -9/Mines Scavenger-Mutant | -8/Materials Mutant | -7/Factory Scavenger-Mutant | -7/Storage Resources | -11 -10 -10 -10 -9 -8 -7 -7 ----------- Run | Scr Mat Min Exi Min Mat Fac Sto Matter Collected 1286 | 205 148 16 . . 400 . 517 Remotely 80 | . . . . . 80 . . Salvage Created 2277 | . 409 58 . . 1215 64 531 Parts 127 | . 27 3 . . 73 5 19 Haulers Intercepted 6 | . 2 . . . 3 . 1 Recyclers Shooed 1 | . 1 . . . . . . Parts Field Recycled . | . . . . . . . . Retrieved Matter . | . . . . . . . . Parts Self-Destructed . | . . . . . . . . Prevented . | . . . . . . . . Kills | -11 -10 -10 -10 -9 -8 -7 -7 ------- Run | Scr Mat Min Exi Min Mat Fac Sto Combat Hostiles Destroyed 46 | . 7 3 . . 23 1 12 Melee 1 | . 1 . . . . . . Guns 3 | . . . . . 3 . . Cannons 31 | . . . . . 18 1 12 AOE 11 | . 6 3 . . 2 . . Classes Destroyed 11 | . 5 . . . 6 . . Worker 3 | . 2 . . . 1 . . Builder 3 | . 2 . . . . . 1 Tunneler 1 | . . . . . 1 . . Hauler 6 | . 2 . . . 3 . 1 Recycler 3 | . . . . . 2 . 1 Operator 2 | . . . . . 2 . . Watcher 6 | . . . . . 5 . 1 Swarmer 19 | . 3 3 . . 11 . 2 Grunt 18 | . 4 . . . 8 . 6 Brawler 1 | . . . . . 1 . . Sentry 8 | . . . . . 3 1 4 Best Kill Streak 5 | . 5 3 . . 5 1 5 Combat Bots Only 4 | . 4 3 . . 4 1 4 Max Kills in Single Turn 3 | . 2 3 . . 3 1 1 Gunslinging . | . . . . . . . . Exploded 3 | . 2 3 . . 2 . . Melee 1 | . 1 . . . . . . Uniques/NPCs Destroyed . | . . . . . . . . Combat | -11 -10 -10 -10 -9 -8 -7 -7 -------- Run | Scr Mat Min Exi Min Mat Fac Sto Damage Taken 3881 | . 234 59 . . 506 64 3018 Core 805 | . 27 . . . 78 . 700 Absorbed by Shields . | . . . . . . . . Core Remaining (%) 91 | 100 . . . 89 85 . . Volleys Fired 154 | . 11 1 1 . 86 2 53 Largest 2 | . 2 2 2 . 2 1 2 Hottest 120 | . 66 66 66 . 120 120 120 Shots Fired 213 | . 19 2 2 . 101 2 87 Gun 21 | . . . . . 19 . 2 Cannon 165 | . . . . . 78 2 85 Launcher 27 | . 19 2 2 . 4 . . Special . | . . . . . . . . Kinetic 100 | . . . . . 24 . 76 Thermal 67 | . . . . . 54 2 11 Explosive . | . . . . . . . . Electromagnetic 46 | . 19 2 2 . 23 . . Robot Hit Streak 30 | . 4 5 . . 14 4 30 Robot Miss Streak 3 | . 2 . . . 3 . 2 Penetration Max 1 | . . . . . 1 . 1 Secondary Targets . | . . . . . . . . Shots Hit Robots 113 | . 9 1 . . 55 1 47 Core Hits 96 | . 16 3 . . 43 2 32 Critical Hits 11 | . . . . . 2 . 9 Critical Kills 4 | . . . . . . . 4 Critical Parts Destroyed 5 | . . . . . 2 . 3 Melee Attacks . | . . . . . . . . Impact . | . . . . . . . . Slashing . | . . . . . . . . Piercing . | . . . . . . . . Sneak Attacks . | . . . . . . . . Combat Hostiles . | . . . . . . . . Follow-up Attacks . | . . . . . . . . Damage Inflicted 5558 | . 501 138 . . 2937 75 1907 Guns 311 | . . . . . 258 . 53 Cannons 4193 | . . . . . 2484 75 1634 Explosions 994 | . 489 138 . . 195 . 172 Melee . | . . . . . . . . Ramming 60 | . 12 . . . . . 48 Kinetic 1915 | . . . . . 586 . 1329 Thermal 2458 | . 48 40 . . 1937 75 358 Explosive 172 | . . . . . . . 172 Electromagnetic 953 | . 441 98 . . 414 . . Impact . | . . . . . . . . Slashing . | . . . . . . . . Piercing . | . . . . . . . . Highest Corruption 8 | . 1 1 1 1 . . 8 Average Corruption 1 | . 1 1 1 1 . . 4 Corruption Purged . | . . . . . . . . Effects 14 | . . . 4 . . . 10 Message Errors 2 | . . . . . . . 2 Matter Fused 2 | . . . . . . . 2 Heat Flow Errors 1 | . . . . . . . 1 Energy Discharges 1 | . . . . . . . 1 Data Loss (minor) 3 | . . . 3 . . . . Targeting Errors 5 | . . . 1 . . . 4 Overload Shots . | . . . . . . . . Overflow Damage 257 | . 6 . . . 215 . 36 Projectiles 201 | . . . . . 165 . 36 Explosions 56 | . 6 . . . 50 . . Melee . | . . . . . . . . Knockbacks 17 | . . . . . 11 . 6 Impact . | . . . . . . . . Kinetic 16 | . . . . . 10 . 6 Secondary 1 | . . . . . 1 . . Self-Inflicted Damage 179 | . 69 59 . . 34 . 17 Shots 9 | . 5 3 . . 1 . . Rammed 27 | . 6 . . . . . 21 Targets Rammed 29 | . 7 . . . 1 . 21 Kicked . | . . . . . . . . Crushed 2 | . 1 . . . 1 . . Highest Temperature 416 | . 18 18 6 . 416 46 292 Average Temperature 108 | . 5 16 4 . 120 26 115 Received Heat Transfer 1050 | . 60 . . . 162 . 828 Siege Activations . | . . . . . . . . Robots Corrupted . | . . . . . . . . Combat Hostiles . | . . . . . . . . Parts Fried 5 | . 3 . . . 2 . . Impact Corruptions 1 | . . . . . 1 . . Robots Melted . | . . . . . . . . Combat Hostiles . | . . . . . . . . Parts Melted 5 | . . . . . 5 . . Heat Transferred 5395 | . 100 . . . 4290 160 845 Parts Sabotaged . | . . . . . . . . Parts Stolen . | . . . . . . . . Parts Stripped . | . . . . . . . . Power Chain Reactions 6 | . 4 1 . . 1 . . Missiles Intercepted . | . . . . . . . . Alert | -11 -10 -10 -10 -9 -8 -7 -7 ------- Run | Scr Mat Min Exi Min Mat Fac Sto Peak Influence 502 | . 239 178 . . 290 176 502 Average Influence 143 | . 109 178 . . 125 151 277 Maximum Alert Level 2 | . 1 . . . 1 . 2 Low Security (%) 73 | 100 77 100 . 100 76 100 40 Level 1 21 | . 22 . . . 23 . 31 Level 2 4 | . . . . . . . 27 Level 3 . | . . . . . . . . Level 4 . | . . . . . . . . Level 5 . | . . . . . . . . High Security . | . . . . . . . . Max Security . | . . . . . . . . Squads Dispatched 10 | . . . . . 3 . 7 Investigation . | . . . . . . . . Extermination . | . . . . . . . . Reinforcement 4 | . . . . . 3 . 1 Assault . | . . . . . . . . Garrison 6 | . . . . . . . 6 Intercept . | . . . . . . . . Construction Impeded . | . . . . . . . . Haulers Reinforced 1 | . . . . . . . 1 Stealth | -11 -10 -10 -10 -9 -8 -7 -7 --------- Run | Scr Mat Min Exi Min Mat Fac Sto Distress Signals 3 | . . . . . 2 . 1 Communications Jammed 11 | . . . . . 3 . 8 Distress Signals 10 | . . . . . 2 . 8 Times Spotted 72 | . 12 . . . 34 1 25 Peak Tracking Total 10 | . 6 . . . 5 1 10 Tactical Retreats 9 | . 4 . . . 5 . . Traps | -11 -10 -10 -10 -9 -8 -7 -7 ------- Run | Scr Mat Min Exi Min Mat Fac Sto Traps Triggered 5 | . 1 . . . . . 4 Indirectly . | . . . . . . . . Trap Hack Attempts . | . . . . . . . . Triggered . | . . . . . . . . Disarmed . | . . . . . . . . Reprogrammed . | . . . . . . . . Reused . | . . . . . . . . Traps Extracted . | . . . . . . . . Installed . | . . . . . . . . Triggered 1 | . 1 . . . . . . Machines | -11 -10 -10 -10 -9 -8 -7 -7 ---------- Run | Scr Mat Min Exi Min Mat Fac Sto Machines Disabled 7 | . 2 1 . . . . 4 Max in Single Turn 3 | . 1 1 . . . . 3 Machines Sabotaged . | . . . . . . . . Garrisons Compromised . | . . . . . . . . Overloaded Fab Kills . | . . . . . . . . Fab Network Shutdowns . | . . . . . . . . Hacking | -11 -10 -10 -10 -9 -8 -7 -7 --------- Run | Scr Mat Min Exi Min Mat Fac Sto Machines Accessed 8 | . . . 4 . 3 . 1 Terminals 2 | . . . . . 2 . . Fabricators . | . . . . . . . . Repair Stations 1 | . . . . . 1 . . Recycling Units . | . . . . . . . . Scanalyzers . | . . . . . . . . Garrison Access 1 | . . . . . . . 1 Total Hacks 27 | . . . 15 . 8 . 4 Successful 18 | . . . 15 . 3 . . Failed 9 | . . . . . 5 . 4 Catastrophic . | . . . . . . . . Database Lockouts . | . . . . . . . . Manual 3 | . . . 2 . 1 . . Terminals 5 | . . . . . 5 . . Fabricators . | . . . . . . . . Repair Stations 3 | . . . . . 3 . . Recycling Units . | . . . . . . . . Scanalyzers . | . . . . . . . . Garrison Access 4 | . . . . . . . 4 Terminal Hacks 16 | . . . 15 . 1 . . Record 14 | . . . 14 . . . . Zone Layout 1 | . . . . . 1 . . EX-Prototype ID Bank 1 | . . . 1 . . . . Fabricator Hacks . | . . . . . . . . Repair Station Hacks 2 | . . . . . 2 . . Scan Component 1 | . . . . . 1 . . Repair 1 | . . . . . 1 . . Recycling Unit Hacks . | . . . . . . . . Scanalyzer . | . . . . . . . . Garrison Access Hacks . | . . . . . . . . Unauthorized Hacks . | . . . . . . . . Terminals . | . . . . . . . . Fabricators . | . . . . . . . . Repair Stations . | . . . . . . . . Recycling Units . | . . . . . . . . Scanalyzers . | . . . . . . . . Garrison Access . | . . . . . . . . Data Cores Recovered . | . . . . . . . . Used . | . . . . . . . . Hacking Detections 4 | . . . . . 3 . 1 Full Trace Events . | . . . . . . . . Feedback Events . | . . . . . . . . Feedback Blocked . | . . . . . . . . Robot Schematics Acquired . | . . . . . . . . Robots Built . | . . . . . . . . Matter . | . . . . . . . . Time . | . . . . . . . . Total Robot Build Rating . | . . . . . . . . Part Schematics Acquired . | . . . . . . . . Parts Built . | . . . . . . . . Matter . | . . . . . . . . Time . | . . . . . . . . Total Part Build Rating . | . . . . . . . . Parts Repaired 1 | . . . . . 1 . . Time 32 | . . . . . 32 . . Parts Recycled . | . . . . . . . . Recycled Matter . | . . . . . . . . Retrieved Matter . | . . . . . . . . Retrieved Components . | . . . . . . . . Parts Scanalyzed . | . . . . . . . . Part Schematics Acquired . | . . . . . . . . Parts Damaged . | . . . . . . . . Bothacking | -11 -10 -10 -10 -9 -8 -7 -7 ------------ Run | Scr Mat Min Exi Min Mat Fac Sto Used RIF Installer . | . . . . . . . . Robots Hacked . | . . . . . . . . Non-combat . | . . . . . . . . Combat . | . . . . . . . . Robot Hacks Applied . | . . . . . . . . Relay Couplers Released . | . . . . . . . . Robots Rewired . | . . . . . . . . Allies Hacked . | . . . . . . . . Hacks Repelled . | . . . . . . . . Allies | -11 -10 -10 -10 -9 -8 -7 -7 -------- Run | Scr Mat Min Exi Min Mat Fac Sto Total Allies . | . . . . . . . . Largest Group . | . . . . . . . . Highest-Rated Group . | . . . . . . . . Highest-Rated Ally . | . . . . . . . . Total Orders . | . . . . . . . . Ally Attacks . | . . . . . . . . Total Damage . | . . . . . . . . Kills . | . . . . . . . . Allies Corrupted . | . . . . . . . . Allies Melted . | . . . . . . . . Intel | -11 -10 -10 -10 -9 -8 -7 -7 ------- Run | Scr Mat Min Exi Min Mat Fac Sto Robot Analysis Total . | . . . . . . . . Derelict Logs Recovered . | . . . . . . . . Drone Launches . | . . . . . . . . Drone Recoveries . | . . . . . . . . Exploration | -11 -10 -10 -10 -9 -8 -7 -7 ------------- Run | Scr Mat Min Exi Min Mat Fac Sto Turns Passed 3706 | 46 336 71 1058 111 1553 89 442 Spaces Moved 1784 | 29 159 43 657 69 614 51 162 Core 63 | 10 . . . . . . 53 Treads 1721 | 19 159 43 657 69 614 51 109 Legs . | . . . . . . . . Wheels . | . . . . . . . . Hover . | . . . . . . . . Flight . | . . . . . . . . Fastest Speed 50 | 50 160 160 160 160 152 152 50 Average Speed 157 | 122 160 160 160 160 156 152 149 Slowest Speed 400 | 160 160 160 160 160 160 155 400 Overloaded Moves . | . . . . . . . . Propulsion Burnouts . | . . . . . . . . Robots Hopped . | . . . . . . . . Cave-ins Triggered . | . . . . . . . . Exploration Rate (%) 28 | 4 30 7 76 30 44 2 35 Regions Visited 7 Branch Regions 4 Pre-discovered Areas . | . . . . . . . . Known Exits Taken . | . . . . . . . . Unknown Exits Taken 7 | 1 1 1 1 1 1 1 . Scrap Searched . | . . . . . . . . Spaces Dug . | . . . . . . . . Terrain Destroyed 41 | . 14 4 . . 13 . 10 Melee . | . . . . . . . . Projectile 16 | . . . . . 6 . 10 AOE 25 | . 14 4 . . 7 . . Actions | -11 -10 -10 -10 -9 -8 -7 -7 --------- Run | Scr Mat Min Exi Min Mat Fac Sto Total 2463 | 40 219 43 662 70 1103 60 266 Wait 402 | . 27 . . . 361 . 14 Move 1777 | 28 158 42 656 68 613 50 162 Hop . | . . . . . . . . Pick Up 21 | 6 7 . 3 . 5 . . Fast Attach 18 | . . . . 1 8 3 6 Attach 17 | 6 4 . 1 . 4 1 1 Detach 3 | . . . . . 1 1 1 Swap 16 | . 1 . . . 10 1 4 Drop 26 | . 4 . 1 1 14 2 4 Fire 154 | . 11 1 1 . 86 2 53 Melee . | . . . . . . . . Ram 11 | . . . . . . . 11 Kick . | . . . . . . . . Crush 18 | . 7 . . . 1 . 10 Escape Stasis . | . . . . . . . . Rewire . | . . . . . . . . Trap . | . . . . . . . . Miscellaneous . | . . . . . . . . Route ------- -11/Scrapyard -10/Materials -10/Mines -10/Exiles -9/Mines -8/Materials -7/Factory -7/Storage History --------- Turn | Location | Event 7 | -11/Scrapyard | Discovered new exit (range 16) 47 | -11/Scrapyard | Entered Materials 306 | -10/Materials | Build established: Mutant 357 | -10/Materials | Discovered new exit (range 14) 383 | -10/Materials | Entered Mines 447 | -10/Mines | Deemed a non-threat by the Exiles lab entrance 447 | -10/Mines | Discovered new exit (range 5) 454 | -10/Mines | Entered Exiles 493 | -10/Exiles | Met 8R-AWN 520 | -10/Exiles | Met EX-HEX 574 | -10/Exiles | Met EX-BIN 598 | -10/Exiles | Aligned with FarCom system 600 | -10/Exiles | Given EX-Vault access code 793 | -10/Exiles | Opened EX-Vault 846 | -10/Exiles | Warned to stay clear of 0b10 Research branches 905 | -10/Exiles | Found Gui. Plasma Cannon 988 | -10/Exiles | Met EX-DEC 1090 | -10/Exiles | Visited The Gauntlet 1191 | -10/Exiles | Discovered new exit (range 14) 1353 | -10/Exiles | Found PSU Rigger 1362 | -10/Exiles | Found Supersonic Drone Bay 1512 | -10/Exiles | Stole three prototypes: Gui. Plasma Cannon, Supersonic Drone Bay, PSU Rigger 1512 | -10/Exiles | Entered Mines 1601 | -9/Mines | Discovered new exit (range 15) 1623 | -9/Mines | Entered Materials 1623 | -8/Materials | Evolved 4 slots: Power x1, Utility x2, Weapon x1 1671 | -8/Materials | Repaired EM Shotgun 2851 | -8/Materials | Build established: Scavenger-Mutant 3153 | -8/Materials | Discovered new exit (range 16) 3176 | -8/Materials | Entered Factory 3176 | -7/Factory | Evolved 2 slots: Propulsion x1, Utility x1 3178 | -7/Factory | FarCom data flow suspended 3216 | -7/Factory | Discovered new exit (range 15) 3265 | -7/Factory | Entered Storage 3650 | -7/Storage | Lost 11 parts (2p3n4u2w) 3676 | -7/Storage | Core integrity fell below 50% 3704 | -7/Storage | Core integrity fell below 20% 3707 | -7/Storage | Destroyed by S-27 Virus with Autogun Last Messages --------------- 03660_ Gatling Laser destroyed. 03662_ System corrupted: Heat flow error (+216). 03666_ P-70 Sage installs Relay Coupler [NC] in garrison access. 03674_ R-06 Scavenger destroyed. 03675_ Lgt. Ion Engine destroyed. 03676_ Triggered Proton Bomb Trap. 03676_ A bubble of electromagnetic force engulfs the area. 03677_ Lyr. Light Armor Plating destroyed. 03686_ System corrupted: Matter fused (-8). 03696_ Lyr. Light Armor Plating destroyed. 03700_ Slammed into S-27 Virus. 03700_ Core Analyzer permanently disabled. 03700_ Destabilizing: Short circuit. 03701_ Slammed into S-27 Virus. 03702_ Destabilizing: System corrupted (+1). 03703_ Slammed into S-27 Virus. 03704_ Destabilizing: System corrupted (+1). 03705_ Slammed into S-27 Virus. 03706_ Destabilizing: Core damaged (-14). 03707_ MO:2QAH#&RHXMJ8MWVLU,E:Z7QK Map ----- +----------------------------------------------------+ | ???????????### " """^ # | | ???????? " # """ " | | ??????????####### = " " ^ ^ # | | ????????????????# %! """ #### |# | | ????????????????# ! ##??########+## | | ????????????????# #?????????????# | | ????????????????# ##"# #?????????????# | | ????????????????# # ## #?????????????# | | ????????????????# ##?# #?????????????# | | ??????????#+##### ^ #??#+#?????????????# | | ??????????+ ##########??????????????????+ | | ??????????# #???????????????????????????# | | ??????????# #???????##??????????????????# | | ??????????# #??? #??????????????????# | | ??????????# ##### #??? #??????????????????? | | ??????????#+###### #???""" #??????????????????? | | ??????????# # #???""" #???????????????????? | | ??????????# # ###?""" ????????????????????? | | ??????????# """ + #? ?????????????????????? | | ??????????# """ #### ###+##?????????????????????? | | ??????????# """ #??# ##Y ##### ?????????? | | ??????????# #??# ss ?????????? | | ??????????########??#### % ######????????????????? | | ???????????????????????##s##?????????????????????? | | ????????????????????????#%#??????????????????????? | | ????????????????????????#@#??????????????????????? | | ????????????????????????#s#??????????????????????? | | ????????????????????????# #??????????????????????? | | ????????????????????????# #??????????????????????? | | ????????????????????????# ??????????????????????? | | ????????????????????????# ??????????????????????? | | ????????????????????????# ??????????????????????? | | ????????????????????????+ ??????????????????????? | | ????????????????????????# #??????????????????????? | | ?????????????????????????+???????????????????????? | | ?????????????????????????????????????????????????? | | ?????????????????????????????????????????????????? | | ?????????????????????????????????????????????????? | | ?????????????????????????????????????????????????? | | ?????????????????????????????????????????????????? | | ?????????????????????????????????????????????????? | | ?????????????????????????????????????????????????? | | ?????????????????????????????????????????????????? | | ?????????????????????????????????????????????????? | | ?????????????????????????????????????????????????? | | ?????????????????????????????????????????????????? | | ?????????????????????????????????????????????????? | | ?????????????????????????????????????????????????? | | ?????????????????????????????????????????????????? | | ?????????????????????????????????????????????????? | +----------------------------------------------------+ Best States ------------- Heat Dissipation 94 Energy Generation 23 Energy Capacity 290 Matter Stores 300 Matter Capacity 300 Sight Range 16 Terrain Scan Range 14 Terrain Scan Density 110 Jamming Range 8 Armor Coverage 600 Evasion (%) 50 Core Analysis 6 Recoil Reduction 3 Item Schematics ----------------- None Robot Schematics ------------------ None Fabricated ------------ Nothing Alien Tech Used ----------------- None Achievements -------------- None Challenges ------------ None Game ------ Seed AutogunDecoderTearclaws Manual? 0 Play Time 00:49:38 Cumulative 29.0 hours Start 2020.04.17 @ 15:53:58 End 2020.04.17 @ 22:14:04 Sessions 3 Manual Loads 0 Difficulty Rogue Special Mode None Game No. 29 Rogue 28 Adventurer 1 Explorer 0 Win Type - Total 0 Types 0/0/0/0/0/0/0 Lore% 20 Gallery% 37 Achievement% 27 Wizard Run 0 Options --------- ASCII 0 Keyboard 0 Movement Mouse Keybinds 0 Fullscreen 0 Font 16/Smallcaps Map View 76x50 Tactical HUD 1 Map Filters NONE Filters NONE Steam 1 RUN: cf0c2a1e-5a63-4e24-9e58-dd7e75e85fbb